CHICAGO Blackhawks vs NEW YORK Islanders

Created - 9 avril 2024 at 17:30

Goals
1 2 3 T
CHICAGO Blackhawks 1 1 1 3
NEW YORK Islanders 5 0 1 6
Shots
1 2 3 T
CHICAGO Blackhawks 14 5 10 29
NEW YORK Islanders 9 11 7 27

1st period

1. NEW YORK Islanders , Lucas Raymond 19 (Braden Schneider 19, Dillon Dube 40) at 1:07
2. NEW YORK Islanders , Vincent Trocheck 15 (Sebastian D Aho 11, Nino Niederreiter 23) at 2:49
3. NEW YORK Islanders , Victor Olofsson 11 (Jesper Fast 17, Sebastian D Aho 12) at 3:21
4. CHICAGO Blackhawks , Erik Johnson 10 (Sam Carrick 2, Jakub Vrana 2) at 5:12
5. NEW YORK Islanders , Sean Kuraly 11 (Jacob Trouba 45, Pius Suter 26) at 16:26
6. NEW YORK Islanders , Dillon Dube 23 (Gustav Nyquist 12, Erik Cernak 40) at 17:52

Penalties :
No Penalty

2nd period

7. CHICAGO Blackhawks , Erik Johnson 11 (Josh Manson 15, James Reimer) at 5:37 (PP)

Penalties :
Tom Wilson (CHI) for High sticking (Minor) at 1:27, Nino Niederreiter (NYI) for Cross-checking (Minor) at 5:05, Dillon Dube (NYI) for Tripping (Minor) at 14:36, Josh Manson (CHI) for Tripping (Minor) at 14:36, Nicolas Hague (CHI) for Hooking (Minor) at 18:24

3rd period

8. CHICAGO Blackhawks , Taylor Raddysh 4 (Eric Robinson 15, Nicolas Hague 18) at 6:39
9. NEW YORK Islanders , Braden Schneider 10 (Vincent Trocheck 34) at 11:58 (PP)

Penalties :
Sebastian D Aho (NYI) for Cross-checking (Minor) at 0:55, Nicolas Hague (CHI) for Tripping (Minor) at 3:12, Trent Frederic (CHI) for Boarding (Minor) at 4:19, Erik Johnson (CHI) for Roughing (Minor) at 10:56, Trent Frederic (CHI) for Holding (Minor) at 14:29, Dillon Dube (NYI) for Roughing (Minor) at 18:04

Goalie Stats

Frederik Andersen (CHI), 4 saves from 9 shots - (0,444), L, 20-23-4, 17:52 minutes
James Reimer (CHI), 17 saves from 18 shots - (0,944), 42:08 minutes
Ilya Sorokin (NYI), 26 saves from 29 shots - (0,897), W, 39-31-5, 60:00 minutes

Players Stats for CHICAGO Blackhawks

Player Name              G  A  P  +/- PIM S  H  SB GA TA FO     MP     PP MP  PK MP  
------------------------------------------------------------------------------------
Aaron Ekblad             0  0  0   0  0   2  2  1  0  0  0/0    25:19   2:31   5:45 
Brett Ritchie            0  0  0   1  0   2  0  0  0  0  0/1    11:44   0:00   0:00 
Eric Robinson            0  1  1   0  0   2  0  0  0  0  0/0     9:54   1:09   0:12 
Erik Johnson             2  0  2  -2  2   2  2  0  0  0  0/0    21:05   1:55   4:20 
Jakub Vrana              0  1  1   1  0   4  0  0  0  0  0/0    11:44   0:00   0:00 
Jonathan Toews           0  0  0  -2  0   1  0  0  0  0  23/31  24:22   2:05   7:24 
Josh Manson              0  1  1  -2  2   0  4  1  0  0  0/0    19:41   1:55   4:20 
Marcus Foligno           0  0  0  -2  0   3  2  0  0  0  0/1    14:40   2:21   2:00 
Matt Irwin               0  0  0  -1  0   1  1  0  0  0  0/0    14:15   0:00   0:00 
Matt Roy                 0  0  0   0  0   2  0  0  0  0  0/0    25:19   2:31   5:45 
Max Jones                0  0  0   0  0   0  0  0  0  0  0/0     0:00   0:00   0:00 
Nicolas Hague            0  1  1  -1  4   0  1  1  0  0  0/0    14:17   0:00   0:00 
Sam Carrick              0  1  1   1  0   0  1  0  0  0  6/13   11:56   0:00   0:12 
Taylor Raddysh           1  0  1   0  0   2  0  0  0  0  1/2     7:53   0:00   0:00 
Teuvo Teravainen         0  0  0  -2  0   3  1  0  0  0  1/1    23:59   2:05   7:01 
Tom Wilson               0  0  0  -2  2   2  2  0  0  0  0/3    18:55   2:21   1:37 
Trent Frederic           0  0  0  -2  4   0  0  0  0  0  12/22  14:26   3:17   0:51 
Tyler Motte              0  0  0  -2  0   3  2  1  0  0  5/12   17:28   0:00   0:00 

Players Stats for NEW YORK Islanders

Player Name              G  A  P  +/- PIM S  H  SB GA TA FO     MP     PP MP  PK MP  
------------------------------------------------------------------------------------
Braden Schneider         1  1  2   3  0   1  2  2  0  0  0/0    22:07   4:02   1:59 
Dillon Dube              1  1  2   1  4   2  3  1  0  0  7/21   17:13   4:34   0:39 
Erik Cernak              0  1  1   1  0   2  1  1  0  0  0/0    25:40   6:03   2:27 
Ethan Bear               0  0  0  -1  0   1  1  1  0  0  0/0    16:15   4:02   0:00 
Gustav Nyquist           0  1  1   1  0   1  0  0  0  0  2/3    15:54   0:00   3:21 
Ilya Lyubushkin          0  0  0  -1  0   0  4  2  0  0  0/0    14:12   0:00   1:59 
Jacob Trouba             0  1  1   1  0   3  5  2  0  0  0/0    25:40   6:03   2:27 
Jesper Fast              0  1  1   0  0   0  0  0  0  0  0/0    11:44   0:00   0:59 
Kirby Dach               0  0  0   0  0   2  2  0  0  0  12/16  15:19   4:34   0:00 
Lucas Raymond            1  0  1   1  0   2  1  0  0  0  0/0    18:04   5:31   0:00 
Michael McLeod           0  0  0   1  0   0  0  0  0  0  0/1     4:36   0:00   0:00 
Nikolaj Ehlers           0  0  0   1  0   0  1  0  0  0  0/0    20:47   4:34   0:06 
Nino Niederreiter        0  1  1   1  2   3  2  0  0  0  0/0    21:37   5:31   0:00 
Pius Suter               0  1  1   1  0   2  0  0  0  0  1/5     6:04   0:00   0:00 
Sean Kuraly              1  0  1   1  0   1  1  0  0  0  3/8     7:57   0:00   3:21 
Sebastian D Aho          0  2  2   3  2   0  2  0  0  0  0/0    16:05   0:00   0:00 
Victor Olofsson          1  0  1   0  0   2  0  0  0  0  1/1    12:13   0:00   0:00 
Vincent Trocheck         1  1  2   1  0   5  3  0  0  0  12/31  22:04   5:31   0:26 

3 Stars

1 - Braden Schneider (NYI)
2 - Vincent Trocheck (NYI)
3 - Sebastian D Aho (NYI)

Power Play

CHICAGO Blackhawks - 1 on 3 Attempt(s) - 33,33%
NEW YORK Islanders - 1 on 6 Attempt(s) - 16,67%

Penalty Kill

CHICAGO Blackhawks - 5 on 6 Attempt(s) - 83,33% - Score 0 goal in Penalty Kill
NEW YORK Islanders - 2 on 3 Attempt(s) - 66,67% - Score 0 goal in Penalty Kill

Team Stat

CHICAGO Blackhawks - Hits : 18 - Faceoff Wins : 48 - Blocked Shots : 4 - Penalty Minutes : 14
NEW YORK Islanders - Hits : 28 - Faceoff Wins : 38 - Blocked Shots : 9 - Penalty Minutes : 8

Official

Referees : Amanda Tasson and Shauna Neary
Linesman : Sara Strong and Shandor Alphonso

Game Notes

James Reimer enters game at 17:52 of 1st period

Finance

Level 1 -- Attendance: 5716 (95,27%) -- Ticket Income $485,860
Level 2 -- Attendance: 5060 (92,00%) -- Ticket Income $253,000
Level 3 -- Attendance: 2866 (95,53%) -- Ticket Income $71,650
Level 4 -- Attendance: 3112 (62,24%) -- Ticket Income $68,464
Luxury Box -- Attendance: 767 (76,70%) -- Ticket Income $164,905
Game was played at the Barclays Center.
Total Attendance: 17521 (85,47%)
Total Ticket Income: $1,043,879
Other Income: $260,970
Total Income: $1,304,849

CHICAGO Blackhawks

5 vs 5 Forward 
   Center                   Left Wing                Right Wing               Time % Phy DF OF 
 1 Jonathan Toews           Teuvo Teravainen         Tom Wilson               40     0   1  4  
 2 Trent Frederic           Marcus Foligno           Tyler Motte              30     1   1  3  
 3 Tyler Motte              Eric Robinson            Taylor Raddysh           20     1   3  1  
 4 Sam Carrick              Jakub Vrana              Brett Ritchie            10     1   3  1  

5 vs 5 Defense 
   Defense                  Defense                                           Time % Phy DF OF 
 1 Aaron Ekblad             Matt Roy                                          40     1   2  2  
 2 Erik Johnson             Josh Manson                                       30     1   2  2  
 3 Nicolas Hague            Matt Irwin                                        20     1   2  2  
 4 Aaron Ekblad             Matt Roy                                          10     1   2  2  

PowerPlay Forward 
   Center                   Left Wing                Right Wing               Time % Phy DF OF 
 1 Jonathan Toews           Teuvo Teravainen         Trent Frederic           60     1   2  2  
 2 Trent Frederic           Marcus Foligno           Tom Wilson               40     1   2  2  

PowerPlay Defense
   Defense                  Defense                                           Time % Phy DF OF 
 1 Aaron Ekblad             Matt Roy                                          60     1   2  2  
 2 Erik Johnson             Josh Manson                                       40     1   2  2  

Penalty Kill 4 Players Forward 
   Center                   Wing                     Time % Phy DF OF 
 1 Jonathan Toews           Teuvo Teravainen         60     1   2  2  
 2 Trent Frederic           Marcus Foligno           40     1   2  2  

Penalty Kill 4 Players Defense
   Defense                  Defense                  Time % Phy DF OF 
 1 Aaron Ekblad             Matt Roy                 60     1   2  2  
 2 Erik Johnson             Josh Manson              40     1   2  2  

Penalty Kill - 3 Players Forward 
   Forward                                           Time % Phy DF OF 
 1 Jonathan Toews                                    60     1   2  2  
 2 Trent Frederic                                    40     1   2  2  

Penalty Kill - 3 Players Defense
   Defense                  Defense                  Time % Phy DF OF 
 1 Aaron Ekblad             Matt Roy                 60     1   2  2  
 2 Erik Johnson             Josh Manson              40     1   2  2  

4 vs 4 Forward 
   Center                   Wing                     Time % Phy DF OF 
 1 Jonathan Toews           Teuvo Teravainen         60     1   2  2  
 2 Trent Frederic           Marcus Foligno           40     1   2  2  

4 vs 4 Defense
   Defense                  Defense                  Time % Phy DF OF 
 1 Aaron Ekblad             Matt Roy                 60     1   2  2  
 2 Erik Johnson             Josh Manson              40     1   2  2  

Last Minutes Offensive
   Center                   Left Wing                Right Wing               Defense                  Defense                  
   Jonathan Toews           Teuvo Teravainen         Trent Frederic           Aaron Ekblad             Matt Roy                 

Last Minutes Defensive
   Center                   Left Wing                Right Wing               Defense                  Defense                  
   Jonathan Toews           Teuvo Teravainen         Trent Frederic           Aaron Ekblad             Matt Roy                 

Goaltenders
Starting : Frederik Andersen        
Backup : James Reimer             

Extra Forwards
Normal : Tom Wilson, Eric Robinson, Tyler Motte - PP : Tom Wilson, Eric Robinson - PK : Tom Wilson
Extra Defensemen
Normal : Josh Manson, Nicolas Hague, Matt Irwin - PP : Josh Manson - PK : Josh Manson, Nicolas Hague
Penalty Shots
Teuvo Teravainen, Marcus Foligno, Jonathan Toews, Trent Frederic, Tom Wilson

Scratches
None

NEW YORK Islanders

5 vs 5 Forward 
   Center                   Left Wing                Right Wing               Time % Phy DF OF 
 1 Vincent Trocheck         Nino Niederreiter        Nikolaj Ehlers           40     1   2  2  
 2 Dillon Dube              Gustav Nyquist           Lucas Raymond            30     1   2  2  
 3 Kirby Dach               Victor Olofsson          Jesper Fast              20     1   2  2  
 4 Pius Suter               Sean Kuraly              Michael McLeod           10     1   2  2  

5 vs 5 Defense 
   Defense                  Defense                                           Time % Phy DF OF 
 1 Jacob Trouba             Erik Cernak                                       40     1   2  2  
 2 Sebastian D Aho          Braden Schneider                                  30     1   2  2  
 3 Ilya Lyubushkin          Ethan Bear                                        20     1   2  2  
 4 Erik Cernak              Jacob Trouba                                      10     1   2  2  

PowerPlay Forward 
   Center                   Left Wing                Right Wing               Time % Phy DF OF 
 1 Vincent Trocheck         Lucas Raymond            Nino Niederreiter        70     1   2  2  
 2 Dillon Dube              Nikolaj Ehlers           Kirby Dach               30     1   2  2  

PowerPlay Defense
   Defense                  Defense                                           Time % Phy DF OF 
 1 Jacob Trouba             Erik Cernak                                       60     1   2  2  
 2 Ethan Bear               Braden Schneider                                  40     1   2  2  

Penalty Kill 4 Players Forward 
   Center                   Wing                     Time % Phy DF OF 
 1 Sean Kuraly              Gustav Nyquist           60     1   2  2  
 2 Dillon Dube              Jesper Fast              40     1   2  2  

Penalty Kill 4 Players Defense
   Defense                  Defense                  Time % Phy DF OF 
 1 Jacob Trouba             Erik Cernak              60     1   2  2  
 2 Braden Schneider         Ilya Lyubushkin          40     1   2  2  

Penalty Kill - 3 Players Forward 
   Forward                                           Time % Phy DF OF 
 1 Pius Suter                                        60     1   2  2  
 2 Vincent Trocheck                                  40     1   2  2  

Penalty Kill - 3 Players Defense
   Defense                  Defense                  Time % Phy DF OF 
 1 Jacob Trouba             Erik Cernak              60     1   2  2  
 2 Ilya Lyubushkin          Sebastian D Aho          40     1   2  2  

4 vs 4 Forward 
   Center                   Wing                     Time % Phy DF OF 
 1 Vincent Trocheck         Nino Niederreiter        60     1   2  2  
 2 Pius Suter               Victor Olofsson          40     1   2  2  

4 vs 4 Defense
   Defense                  Defense                  Time % Phy DF OF 
 1 Jacob Trouba             Erik Cernak              60     1   2  2  
 2 Ilya Lyubushkin          Braden Schneider         40     1   2  2  

Last Minutes Offensive
   Center                   Left Wing                Right Wing               Defense                  Defense                  
   Vincent Trocheck         Nino Niederreiter        Nikolaj Ehlers           Jacob Trouba             Erik Cernak              

Last Minutes Defensive
   Center                   Left Wing                Right Wing               Defense                  Defense                  
   Vincent Trocheck         Nino Niederreiter        Lucas Raymond            Jacob Trouba             Erik Cernak              

Goaltenders
Starting : Ilya Sorokin             
Backup : Anton Khudobin           

Extra Forwards
Normal : Vincent Trocheck, Nino Niederreiter, Lucas Raymond - PP : Nikolaj Ehlers, Kirby Dach - PK : Sean Kuraly
Extra Defensemen
Normal : Ethan Bear, Jacob Trouba, Braden Schneider - PP : Ethan Bear - PK : Erik Cernak, Sebastian D Aho
Penalty Shots
Nino Niederreiter, Vincent Trocheck, Lucas Raymond, Nikolaj Ehlers, Victor Olofsson

Scratches
Adam Ruzicka (Healthy), Brett Connolly (Healthy), Jay Beagle (Healthy), Zack Kassian (Healthy)

% Time on Ice - CHICAGO Blackhawks

Lines # - Real PCT - Wanted PCT - Time Play
Normal Forward
1 - 33% - 40% - 14:18
2 - 22% - 30% - 9:35
3 - 18% - 20% - 7:53
4 - 27% - 10% - 11:44
Normal Defense
1 - 35% - 40% - 15:20
2 - 31% - 30% - 13:27
3 - 31% - 20% - 13:35
4 - 3% - 10% - 1:08
PP Forward
1 - 47% - 60% - 2:05
2 - 53% - 40% - 2:21
PP Defense
1 - 57% - 60% - 2:31
2 - 43% - 40% - 1:55
PK Forward
1 - 78% - 60% - 7:13
2 - 22% - 40% - 2:00
PK Defense
1 - 59% - 60% - 5:24
2 - 41% - 40% - 3:49
PK3 Forward
1 - 77% - 60% - 0:40
2 - 23% - 40% - 0:12
PK3 Defense
1 - 40% - 60% - 0:21
2 - 60% - 40% - 0:31
44 Forward
1 - 63% - 60% - 1:15
2 - 37% - 40% - 0:44
44 Defense
1 - 29% - 60% - 0:35
2 - 71% - 40% - 1:24
Last Minute Offensive  - 0:00
Last Minute Defensive  - 0:00
Total
Forward - 60:00
Defense - 60:00

% Time on Ice - NEW YORK Islanders

Lines # - Real PCT - Wanted PCT - Time Play
Normal Forward
1 - 37% - 40% - 16:07
2 - 28% - 30% - 12:02
3 - 25% - 20% - 10:45
4 - 11% - 10% - 4:36
Normal Defense
1 - 34% - 40% - 14:38
2 - 37% - 30% - 16:06
3 - 27% - 20% - 11:42
4 - 2% - 10% - 1:04
PP Forward
1 - 55% - 70% - 5:31
2 - 45% - 30% - 4:34
PP Defense
1 - 60% - 60% - 6:03
2 - 40% - 40% - 4:02
PK Forward
1 - 78% - 60% - 3:27
2 - 22% - 40% - 0:59
PK Defense
1 - 55% - 60% - 2:27
2 - 45% - 40% - 1:59
PK3 Forward
1 - 0% - 60%
2 - 0% - 40%
PK3 Defense
1 - 0% - 60%
2 - 0% - 40%
44 Forward
1 - 26% - 60% - 0:31
2 - 74% - 40% - 1:28
44 Defense
1 - 74% - 60% - 1:28
2 - 26% - 40% - 0:31
Last Minute Offensive  - 0:00
Last Minute Defensive  - 0:00
Total
Forward - 60:00
Defense - 60:00

Play-by-Play

1st period


0:01 of 1st period - Teuvo Teravainen wins face-off versus Vincent Trocheck in neutral zone.
0:40 of 1st period - Shot by Jonathan Toews.
0:40 of 1st period - Stopped by Ilya Sorokin without a rebound.
0:41 of 1st period - Tyler Motte wins face-off versus Dillon Dube in NEW YORK Islanders zone.
0:44 of 1st period - Shot by Tyler Motte.
0:44 of 1st period - Stopped by Ilya Sorokin without a rebound.
0:45 of 1st period - Gustav Nyquist wins face-off versus Trent Frederic in NEW YORK Islanders zone.
0:45 of 1st period - Gustav Nyquist is hit by Marcus Foligno.
1:07 of 1st period - Shot by Lucas Raymond.
1:07 of 1st period - Goal by Lucas Raymond - CHICAGO Blackhawks : 0 - NEW YORK Islanders : 1.
1:08 of 1st period - Kirby Dach wins face-off versus Sam Carrick in neutral zone.
1:11 of 1st period - Shot by Victor Olofsson.
1:11 of 1st period - Shot Misses the Net.
1:27 of 1st period - Shot by Jakub Vrana.
1:27 of 1st period - Stopped by Ilya Sorokin without a rebound.
1:28 of 1st period - Tyler Motte wins face-off versus Pius Suter in NEW YORK Islanders zone.
1:28 of 1st period - Matt Roy is hit by Jacob Trouba.
1:50 of 1st period - Shot by Pius Suter.
1:50 of 1st period - Shot Misses the Net.
2:45 of 1st period - Shot by Nino Niederreiter.
2:45 of 1st period - Stopped by Frederik Andersen with a rebound.
2:49 of 1st period - Shot by Vincent Trocheck.
2:49 of 1st period - Goal by Vincent Trocheck - CHICAGO Blackhawks : 0 - NEW YORK Islanders : 2.
2:50 of 1st period - Sam Carrick wins face-off versus Dillon Dube in neutral zone.
2:50 of 1st period - Jakub Vrana is hit by Dillon Dube and loses puck.
3:03 of 1st period - Shot by Jakub Vrana.
3:03 of 1st period - Stopped by Ilya Sorokin without a rebound.
3:04 of 1st period - Victor Olofsson wins face-off versus Tom Wilson in NEW YORK Islanders zone.
3:08 of 1st period - Sebastian D Aho is hit by Josh Manson and loses puck.
3:21 of 1st period - Shot by Jesper Fast.
3:21 of 1st period - Deflect By Victor Olofsson.
3:21 of 1st period - Goal by Victor Olofsson - CHICAGO Blackhawks : 0 - NEW YORK Islanders : 3.
3:22 of 1st period - Vincent Trocheck wins face-off versus Trent Frederic in neutral zone.
3:28 of 1st period - Nino Niederreiter is hit by Aaron Ekblad and loses puck.
3:37 of 1st period - Icing by Nino Niederreiter.
3:38 of 1st period - Jonathan Toews wins face-off versus Vincent Trocheck in NEW YORK Islanders zone.
3:38 of 1st period - Teuvo Teravainen is hit by Ethan Bear and loses puck.
3:47 of 1st period - Shot by Jonathan Toews.
3:47 of 1st period - Deflect By Teuvo Teravainen.
3:47 of 1st period - Shot Misses the Net.
3:49 of 1st period - Shot by Teuvo Teravainen.
3:49 of 1st period - Stopped by Ilya Sorokin with a rebound.
4:09 of 1st period - Shot by Teuvo Teravainen.
4:09 of 1st period - Shot Misses the Net.
4:11 of 1st period - Shot by Matt Irwin.
4:11 of 1st period - Stopped by Ilya Sorokin without a rebound.
4:12 of 1st period - Trent Frederic wins face-off versus Dillon Dube in NEW YORK Islanders zone.
4:38 of 1st period - Icing by Erik Cernak.
4:39 of 1st period - Dillon Dube wins face-off versus Brett Ritchie in NEW YORK Islanders zone.
5:08 of 1st period - Shot by Sam Carrick.
5:08 of 1st period - Shot Blocked by Dillon Dube.
5:10 of 1st period - Shot by Erik Johnson.
5:10 of 1st period - Shot Misses the Net.
5:12 of 1st period - Shot by Erik Johnson.
5:12 of 1st period - Goal by Erik Johnson - CHICAGO Blackhawks : 1 - NEW YORK Islanders : 3.
5:13 of 1st period - Kirby Dach wins face-off versus Trent Frederic in neutral zone.
6:03 of 1st period - Off-side.
6:04 of 1st period - Jonathan Toews wins face-off versus Vincent Trocheck in neutral zone.
6:14 of 1st period - Off-side.
6:15 of 1st period - Dillon Dube wins face-off versus Sam Carrick in neutral zone.
6:45 of 1st period - Jakub Vrana is hit by Jacob Trouba and loses puck.
7:28 of 1st period - Shot by Teuvo Teravainen.
7:28 of 1st period - Shot Misses the Net.
7:30 of 1st period - Shot by Tom Wilson.
7:30 of 1st period - Stopped by Ilya Sorokin without a rebound.
7:31 of 1st period - Kirby Dach wins face-off versus Tyler Motte in NEW YORK Islanders zone.
9:15 of 1st period - Shot by Teuvo Teravainen.
9:15 of 1st period - Shot Misses the Net.
9:24 of 1st period - Josh Manson is hit by Sebastian D Aho and loses puck.
9:49 of 1st period - Shot by Jakub Vrana.
9:49 of 1st period - Shot Blocked by Braden Schneider.
9:51 of 1st period - Shot by Jakub Vrana.
9:51 of 1st period - Stopped by Ilya Sorokin without a rebound.
9:52 of 1st period - Trent Frederic wins face-off versus Dillon Dube in NEW YORK Islanders zone.
9:52 of 1st period - Trent Frederic is hit by Jacob Trouba.
9:55 of 1st period - Tyler Motte is hit by Jacob Trouba and loses puck.
10:12 of 1st period - Shot by Tyler Motte.
10:12 of 1st period - Shot Misses the Net.
10:14 of 1st period - Shot by Marcus Foligno.
10:14 of 1st period - Deflect By Tyler Motte.
10:14 of 1st period - Stopped by Ilya Sorokin without a rebound.
10:15 of 1st period - Jonathan Toews wins face-off versus Pius Suter in NEW YORK Islanders zone.
10:32 of 1st period - Shot by Aaron Ekblad.
10:32 of 1st period - Stopped by Ilya Sorokin with a rebound.
10:34 of 1st period - Shot by Tom Wilson.
10:34 of 1st period - Shot Blocked by Ethan Bear.
10:36 of 1st period - Shot by Teuvo Teravainen.
10:36 of 1st period - Shot Misses the Net.
10:38 of 1st period - Shot by Aaron Ekblad.
10:38 of 1st period - Shot Misses the Net.
10:47 of 1st period - Jonathan Toews is hit by Ilya Lyubushkin and loses puck.
10:50 of 1st period - Shot by Matt Roy.
10:50 of 1st period - Stopped by Ilya Sorokin without a rebound.
10:51 of 1st period - Trent Frederic wins face-off versus Dillon Dube in NEW YORK Islanders zone.
10:58 of 1st period - Shot by Tyler Motte.
10:58 of 1st period - Shot Misses the Net.
11:12 of 1st period - Shot by Marcus Foligno.
11:12 of 1st period - Shot Blocked by Erik Cernak.
12:00 of 1st period - Shot by Sam Carrick.
12:00 of 1st period - Shot Misses the Net.
12:02 of 1st period - Shot by Brett Ritchie.
12:02 of 1st period - Stopped by Ilya Sorokin without a rebound.
12:03 of 1st period - Jonathan Toews wins face-off versus Vincent Trocheck in NEW YORK Islanders zone.
12:57 of 1st period - Kirby Dach is hit by Aaron Ekblad.
13:20 of 1st period - Off-side.
13:21 of 1st period - Tyler Motte wins face-off versus Dillon Dube in neutral zone.
13:21 of 1st period - Taylor Raddysh is hit by Dillon Dube and loses puck.
13:37 of 1st period - Shot by Gustav Nyquist.
13:37 of 1st period - Shot Misses the Net.
13:39 of 1st period - Shot by Jacob Trouba.
13:39 of 1st period - Stopped by Frederik Andersen without a rebound.
13:40 of 1st period - Sean Kuraly wins face-off versus Sam Carrick in CHICAGO Blackhawks zone.
13:49 of 1st period - Shot by Pius Suter.
13:49 of 1st period - Stopped by Frederik Andersen without a rebound.
13:50 of 1st period - Trent Frederic wins face-off versus Vincent Trocheck in CHICAGO Blackhawks zone.
13:50 of 1st period - Trent Frederic is hit by Nino Niederreiter.
15:31 of 1st period - Shot by Gustav Nyquist.
15:31 of 1st period - Deflect By Lucas Raymond.
15:31 of 1st period - Shot Misses the Net.
15:42 of 1st period - Tom Wilson is hit by Ilya Lyubushkin and loses puck.
16:00 of 1st period - Jesper Fast is hit by Josh Manson and loses puck.
16:05 of 1st period - Shot by Kirby Dach.
16:05 of 1st period - Stopped by Frederik Andersen without a rebound.
16:06 of 1st period - Taylor Raddysh wins face-off versus Pius Suter in CHICAGO Blackhawks zone.
16:26 of 1st period - Shot by Sean Kuraly.
16:26 of 1st period - Goal by Sean Kuraly - CHICAGO Blackhawks : 1 - NEW YORK Islanders : 4.
16:27 of 1st period - Sam Carrick wins face-off versus Vincent Trocheck in neutral zone.
16:37 of 1st period - Sam Carrick is hit by Ilya Lyubushkin and loses puck.
16:58 of 1st period - Icing by Ilya Lyubushkin.
16:59 of 1st period - Vincent Trocheck wins face-off versus Trent Frederic in NEW YORK Islanders zone.
16:59 of 1st period - Ilya Lyubushkin is hit by Tyler Motte and loses puck.
17:50 of 1st period - Shot by Gustav Nyquist.
17:50 of 1st period - Deflect By Dillon Dube.
17:50 of 1st period - Shot Misses the Net.
17:52 of 1st period - Shot by Dillon Dube.
17:52 of 1st period - The goal is going for a video replay.
17:52 of 1st period - The goal is good.
17:52 of 1st period - Goal by Dillon Dube - CHICAGO Blackhawks : 1 - NEW YORK Islanders : 5.
17:52 of 1st period - James Reimer enters game.
17:53 of 1st period - Kirby Dach wins face-off versus Jonathan Toews in neutral zone.
18:06 of 1st period - Off-side.
18:07 of 1st period - Sam Carrick wins face-off versus Dillon Dube in neutral zone.
19:07 of 1st period - Icing by Josh Manson.
19:08 of 1st period - Vincent Trocheck wins face-off versus Sam Carrick in CHICAGO Blackhawks zone.
19:30 of 1st period - Shot by Tyler Motte.
19:30 of 1st period - Stopped by Ilya Sorokin without a rebound.
19:31 of 1st period - Jonathan Toews wins face-off versus Kirby Dach in NEW YORK Islanders zone.
19:37 of 1st period - Ethan Bear is hit by Teuvo Teravainen and loses puck.
19:48 of 1st period - Icing by Ethan Bear.
19:49 of 1st period - Kirby Dach wins face-off versus Tyler Motte in NEW YORK Islanders zone.
19:49 of 1st period - Kirby Dach is hit by Tyler Motte.
19:56 of 1st period - Shot by Victor Olofsson.
19:56 of 1st period - Shot Hit the Post.
Goals for this period are 1 for CHICAGO Blackhawks vs 5 for NEW YORK Islanders.
Shots for this period are 14 for CHICAGO Blackhawks vs 9 for NEW YORK Islanders.

2nd period


0:01 of 2nd period - Jonathan Toews wins face-off versus Vincent Trocheck in neutral zone.
0:03 of 2nd period - Teuvo Teravainen is hit by Erik Cernak and loses puck.
0:20 of 2nd period - Shot by Teuvo Teravainen.
0:20 of 2nd period - Shot Misses the Net.
0:23 of 2nd period - Icing by Jacob Trouba.
0:24 of 2nd period - Vincent Trocheck wins face-off versus Tyler Motte in NEW YORK Islanders zone.
1:00 of 2nd period - Icing by Tyler Motte.
1:01 of 2nd period - Kirby Dach wins face-off versus Taylor Raddysh in CHICAGO Blackhawks zone.
1:22 of 2nd period - Shot by Victor Olofsson.
1:22 of 2nd period - Shot Blocked by Tyler Motte.
1:24 of 2nd period - Shot by Victor Olofsson.
1:24 of 2nd period - Stopped by James Reimer without a rebound.
1:25 of 2nd period - Jonathan Toews wins face-off versus Dillon Dube in CHICAGO Blackhawks zone.
1:27 of 2nd period - Minor Penalty to Tom Wilson for High sticking.
1:28 of 2nd period - Jonathan Toews wins face-off versus Vincent Trocheck in CHICAGO Blackhawks zone.
1:41 of 2nd period - Shot by Jacob Trouba.
1:41 of 2nd period - Stopped by James Reimer with a rebound.
1:47 of 2nd period - Shot by Jacob Trouba.
1:47 of 2nd period - Shot Blocked by Aaron Ekblad.
1:49 of 2nd period - Shot by Vincent Trocheck.
1:49 of 2nd period - Stopped by James Reimer without a rebound.
1:50 of 2nd period - Dillon Dube wins face-off versus Jonathan Toews in CHICAGO Blackhawks zone.
3:04 of 2nd period - Shot by Erik Cernak.
3:04 of 2nd period - Stopped by James Reimer without a rebound.
3:05 of 2nd period - Jonathan Toews wins face-off versus Vincent Trocheck in CHICAGO Blackhawks zone.
4:02 of 2nd period - Shot by Taylor Raddysh.
4:02 of 2nd period - Stopped by Ilya Sorokin without a rebound.
4:03 of 2nd period - Kirby Dach wins face-off versus Sam Carrick in NEW YORK Islanders zone.
5:05 of 2nd period - Minor Penalty to Nino Niederreiter for Cross-checking.
5:06 of 2nd period - Sean Kuraly wins face-off versus Trent Frederic in NEW YORK Islanders zone.
5:37 of 2nd period - Shot by Erik Johnson.
5:37 of 2nd period - Goal by Erik Johnson - CHICAGO Blackhawks : 2 - NEW YORK Islanders : 5.
5:38 of 2nd period - Tyler Motte wins face-off versus Vincent Trocheck in neutral zone.
5:40 of 2nd period - Taylor Raddysh is hit by Braden Schneider and loses puck.
5:47 of 2nd period - Matt Irwin is hit by Vincent Trocheck and loses puck.
5:52 of 2nd period - Shot by Nikolaj Ehlers.
5:52 of 2nd period - Deflect By Vincent Trocheck.
5:52 of 2nd period - Stopped by James Reimer with a rebound.
5:54 of 2nd period - Shot by Nino Niederreiter.
5:54 of 2nd period - Shot Misses the Net.
5:56 of 2nd period - Shot by Vincent Trocheck.
5:56 of 2nd period - Shot Misses the Net.
5:58 of 2nd period - Shot by Vincent Trocheck.
5:58 of 2nd period - Shot Blocked by Nicolas Hague.
6:00 of 2nd period - Shot by Vincent Trocheck.
6:00 of 2nd period - Deflect By Nino Niederreiter.
6:00 of 2nd period - Stopped by James Reimer without a rebound.
6:01 of 2nd period - Sam Carrick wins face-off versus Dillon Dube in CHICAGO Blackhawks zone.
6:14 of 2nd period - Shot by Lucas Raymond.
6:14 of 2nd period - Stopped by James Reimer with a rebound.
7:58 of 2nd period - Ethan Bear is hit by Erik Johnson.
9:02 of 2nd period - Icing by Nicolas Hague.
9:03 of 2nd period - Trent Frederic wins face-off versus Vincent Trocheck in CHICAGO Blackhawks zone.
9:03 of 2nd period - Trent Frederic is hit by Nikolaj Ehlers.
9:11 of 2nd period - Shot by Tyler Motte.
9:11 of 2nd period - Shot Misses the Net.
10:22 of 2nd period - Icing by Jacob Trouba.
10:23 of 2nd period - Dillon Dube wins face-off versus Tyler Motte in NEW YORK Islanders zone.
12:03 of 2nd period - Shot by Sam Carrick.
12:03 of 2nd period - Shot Blocked by Ilya Lyubushkin.
12:05 of 2nd period - Shot by Sam Carrick.
12:05 of 2nd period - Deflect By Jakub Vrana.
12:05 of 2nd period - Stopped by Ilya Sorokin with a rebound.
12:15 of 2nd period - Shot by Brett Ritchie.
12:15 of 2nd period - Stopped by Ilya Sorokin without a rebound.
12:16 of 2nd period - Trent Frederic wins face-off versus Vincent Trocheck in NEW YORK Islanders zone.
13:18 of 2nd period - Nikolaj Ehlers is hit by Tom Wilson and loses puck.
13:24 of 2nd period - Tom Wilson is hit by Sebastian D Aho and loses puck.
14:36 of 2nd period - Minor Penalty to Dillon Dube for Tripping.
14:36 of 2nd period - Minor Penalty to Josh Manson for Tripping.
14:37 of 2nd period - Pius Suter wins face-off versus Marcus Foligno in CHICAGO Blackhawks zone.
14:40 of 2nd period - Shot by Victor Olofsson.
14:40 of 2nd period - Shot Misses the Net.
17:33 of 2nd period - Shot by Trent Frederic.
17:33 of 2nd period - Shot Blocked by Braden Schneider.
17:37 of 2nd period - Shot by Marcus Foligno.
17:37 of 2nd period - Stopped by Ilya Sorokin without a rebound.
17:38 of 2nd period - Vincent Trocheck wins face-off versus Tyler Motte in NEW YORK Islanders zone.
18:02 of 2nd period - Vincent Trocheck is hit by Josh Manson and loses puck.
18:05 of 2nd period - Shot by Nikolaj Ehlers.
18:05 of 2nd period - Deflect By Vincent Trocheck.
18:05 of 2nd period - Stopped by James Reimer with a rebound.
18:07 of 2nd period - Shot by Vincent Trocheck.
18:07 of 2nd period - Shot Misses the Net.
18:09 of 2nd period - Shot by Vincent Trocheck.
18:09 of 2nd period - Stopped by James Reimer without a rebound.
18:10 of 2nd period - Kirby Dach wins face-off versus Jonathan Toews in CHICAGO Blackhawks zone.
18:10 of 2nd period - Jesper Fast is hit by Matt Irwin and loses puck.
18:24 of 2nd period - Minor Penalty to Nicolas Hague for Hooking.
18:25 of 2nd period - Jonathan Toews wins face-off versus Dillon Dube in CHICAGO Blackhawks zone.
18:38 of 2nd period - Shot by Kirby Dach.
18:38 of 2nd period - Stopped by James Reimer without a rebound.
18:39 of 2nd period - Vincent Trocheck wins face-off versus Jonathan Toews in CHICAGO Blackhawks zone.
18:52 of 2nd period - Jonathan Toews is hit by Vincent Trocheck and loses puck.
19:12 of 2nd period - Nino Niederreiter is hit by Erik Johnson and loses puck.
19:29 of 2nd period - Shot by Braden Schneider.
19:29 of 2nd period - Shot Misses the Net.
19:33 of 2nd period - Shot by Ethan Bear.
19:33 of 2nd period - Shot Misses the Net.
19:55 of 2nd period - Shot by Ethan Bear.
19:55 of 2nd period - Stopped by James Reimer without a rebound.
19:56 of 2nd period - Trent Frederic wins face-off versus Vincent Trocheck in CHICAGO Blackhawks zone.
19:56 of 2nd period - Trent Frederic is hit by Vincent Trocheck.
Goals for this period are 1 for CHICAGO Blackhawks vs 0 for NEW YORK Islanders.
Shots for this period are 5 for CHICAGO Blackhawks vs 11 for NEW YORK Islanders.

3rd period


0:01 of 3rd period - Vincent Trocheck wins face-off versus Jonathan Toews in neutral zone.
0:08 of 3rd period - Shot by Erik Cernak.
0:08 of 3rd period - Stopped by James Reimer without a rebound.
0:09 of 3rd period - Vincent Trocheck wins face-off versus Jonathan Toews in CHICAGO Blackhawks zone.
0:45 of 3rd period - Nicolas Hague is hit by Kirby Dach and loses puck.
0:55 of 3rd period - Minor Penalty to Sebastian D Aho for Cross-checking.
0:56 of 3rd period - Jonathan Toews wins face-off versus Sean Kuraly in NEW YORK Islanders zone.
1:13 of 3rd period - Shot by Teuvo Teravainen.
1:13 of 3rd period - Shot Misses the Net.
1:15 of 3rd period - Shot by Jonathan Toews.
1:15 of 3rd period - Shot Misses the Net.
1:17 of 3rd period - Shot by Matt Roy.
1:17 of 3rd period - Shot Misses the Net.
1:46 of 3rd period - Aaron Ekblad is hit by Ilya Lyubushkin.
2:48 of 3rd period - Shot by Aaron Ekblad.
2:48 of 3rd period - Stopped by Ilya Sorokin without a rebound.
2:49 of 3rd period - Jonathan Toews wins face-off versus Sean Kuraly in NEW YORK Islanders zone.
2:50 of 3rd period - Shot by Matt Roy.
2:50 of 3rd period - Stopped by Ilya Sorokin without a rebound.
2:51 of 3rd period - Jonathan Toews wins face-off versus Sean Kuraly in NEW YORK Islanders zone.
2:54 of 3rd period - Shot by Aaron Ekblad.
2:54 of 3rd period - Shot Misses the Net.
3:12 of 3rd period - Minor Penalty to Nicolas Hague for Tripping.
3:13 of 3rd period - Jonathan Toews wins face-off versus Vincent Trocheck in CHICAGO Blackhawks zone.
3:40 of 3rd period - Shot by Jacob Trouba.
3:40 of 3rd period - Shot Misses the Net.
3:44 of 3rd period - Shot by Lucas Raymond.
3:44 of 3rd period - Shot Misses the Net.
4:17 of 3rd period - Dillon Dube is hit by Marcus Foligno and loses puck.
4:19 of 3rd period - Minor Penalty to Trent Frederic for Boarding.
4:20 of 3rd period - Jonathan Toews wins face-off versus Dillon Dube in CHICAGO Blackhawks zone.
5:05 of 3rd period - Off-side.
5:06 of 3rd period - Jonathan Toews wins face-off versus Vincent Trocheck in neutral zone.
5:31 of 3rd period - Shot by Nino Niederreiter.
5:31 of 3rd period - Stopped by James Reimer without a rebound.
5:32 of 3rd period - Vincent Trocheck wins face-off versus Tom Wilson in CHICAGO Blackhawks zone.
5:33 of 3rd period - Shot by Jacob Trouba.
5:33 of 3rd period - Stopped by James Reimer without a rebound.
5:34 of 3rd period - Jonathan Toews wins face-off versus Vincent Trocheck in CHICAGO Blackhawks zone.
5:40 of 3rd period - Icing by Nino Niederreiter.
5:41 of 3rd period - Vincent Trocheck wins face-off versus Jonathan Toews in NEW YORK Islanders zone.
6:08 of 3rd period - Shot by Aaron Ekblad.
6:08 of 3rd period - Shot Misses the Net.
6:10 of 3rd period - Shot by Teuvo Teravainen.
6:10 of 3rd period - Stopped by Ilya Sorokin without a rebound.
6:11 of 3rd period - Dillon Dube wins face-off versus Tom Wilson in NEW YORK Islanders zone.
6:23 of 3rd period - Icing by Tyler Motte.
6:24 of 3rd period - Kirby Dach wins face-off versus Tyler Motte in CHICAGO Blackhawks zone.
6:39 of 3rd period - Shot by Taylor Raddysh.
6:39 of 3rd period - Goal by Taylor Raddysh - CHICAGO Blackhawks : 3 - NEW YORK Islanders : 5.
6:40 of 3rd period - Vincent Trocheck wins face-off versus Trent Frederic in neutral zone.
7:02 of 3rd period - Icing by Matt Roy.
7:03 of 3rd period - Trent Frederic wins face-off versus Gustav Nyquist in CHICAGO Blackhawks zone.
7:03 of 3rd period - Trent Frederic is hit by Lucas Raymond.
8:02 of 3rd period - Nino Niederreiter is hit by Josh Manson.
8:07 of 3rd period - Icing by Erik Johnson.
8:08 of 3rd period - Kirby Dach wins face-off versus Jonathan Toews in CHICAGO Blackhawks zone.
8:43 of 3rd period - Icing by Jacob Trouba.
8:44 of 3rd period - Kirby Dach wins face-off versus Sam Carrick in NEW YORK Islanders zone.
8:44 of 3rd period - Kirby Dach is hit by Sam Carrick.
8:49 of 3rd period - Icing by Jacob Trouba.
8:50 of 3rd period - Trent Frederic wins face-off versus Kirby Dach in NEW YORK Islanders zone.
9:04 of 3rd period - Icing by Erik Cernak.
9:05 of 3rd period - Sam Carrick wins face-off versus Kirby Dach in NEW YORK Islanders zone.
9:45 of 3rd period - Shot by Nikolaj Ehlers.
9:45 of 3rd period - Shot Misses the Net.
10:27 of 3rd period - Shot by Teuvo Teravainen.
10:27 of 3rd period - Stopped by Ilya Sorokin without a rebound.
10:28 of 3rd period - Trent Frederic wins face-off versus Dillon Dube in NEW YORK Islanders zone.
10:56 of 3rd period - Minor Penalty to Erik Johnson for Roughing.
10:57 of 3rd period - Jonathan Toews wins face-off versus Dillon Dube in CHICAGO Blackhawks zone.
10:57 of 3rd period - Jonathan Toews is hit by Dillon Dube.
11:58 of 3rd period - Shot by Braden Schneider.
11:58 of 3rd period - Goal by Braden Schneider - CHICAGO Blackhawks : 3 - NEW YORK Islanders : 6.
11:59 of 3rd period - Trent Frederic wins face-off versus Pius Suter in neutral zone.
11:59 of 3rd period - Trent Frederic is hit by Sean Kuraly.
12:09 of 3rd period - Shot by Marcus Foligno.
12:09 of 3rd period - Stopped by Ilya Sorokin without a rebound.
12:10 of 3rd period - Tyler Motte wins face-off versus Michael McLeod in NEW YORK Islanders zone.
12:25 of 3rd period - Shot by Pius Suter.
12:25 of 3rd period - Stopped by James Reimer without a rebound.
12:26 of 3rd period - Sam Carrick wins face-off versus Kirby Dach in CHICAGO Blackhawks zone.
12:26 of 3rd period - Nicolas Hague is hit by Kirby Dach and loses puck.
12:50 of 3rd period - Sam Carrick is hit by Braden Schneider and loses puck.
13:17 of 3rd period - Icing by Matt Irwin.
13:18 of 3rd period - Vincent Trocheck wins face-off versus Sam Carrick in CHICAGO Blackhawks zone.
13:33 of 3rd period - Vincent Trocheck is hit by Tom Wilson and loses puck.
14:16 of 3rd period - Shot by Gustav Nyquist.
14:16 of 3rd period - Stopped by James Reimer without a rebound.
14:17 of 3rd period - Dillon Dube wins face-off versus Trent Frederic in CHICAGO Blackhawks zone.
14:29 of 3rd period - Minor Penalty to Trent Frederic for Holding.
14:30 of 3rd period - Jonathan Toews wins face-off versus Dillon Dube in CHICAGO Blackhawks zone.
14:49 of 3rd period - Shot by Kirby Dach.
14:49 of 3rd period - Shot Misses the Net.
14:51 of 3rd period - Shot by Ethan Bear.
14:51 of 3rd period - Shot Blocked by Josh Manson.
14:53 of 3rd period - Shot by Dillon Dube.
14:53 of 3rd period - Stopped by James Reimer without a rebound.
14:54 of 3rd period - Jonathan Toews wins face-off versus Vincent Trocheck in CHICAGO Blackhawks zone.
14:54 of 3rd period - Jonathan Toews is hit by Nino Niederreiter.
15:20 of 3rd period - Shot by Jacob Trouba.
15:20 of 3rd period - Shot Misses the Net.
15:41 of 3rd period - Icing by Vincent Trocheck.
15:42 of 3rd period - Jonathan Toews wins face-off versus Vincent Trocheck in NEW YORK Islanders zone.
15:43 of 3rd period - Shot by Teuvo Teravainen.
15:43 of 3rd period - Shot Blocked by Jacob Trouba.
16:54 of 3rd period - Icing by Tyler Motte.
16:55 of 3rd period - Kirby Dach wins face-off versus Tyler Motte in CHICAGO Blackhawks zone.
16:55 of 3rd period - Jesper Fast is hit by Nicolas Hague and loses puck.
17:12 of 3rd period - Shot by Eric Robinson.
17:12 of 3rd period - Stopped by Ilya Sorokin without a rebound.
17:13 of 3rd period - Jonathan Toews wins face-off versus Vincent Trocheck in NEW YORK Islanders zone.
17:36 of 3rd period - Shot by Teuvo Teravainen.
17:36 of 3rd period - Shot Misses the Net.
17:38 of 3rd period - Shot by Aaron Ekblad.
17:38 of 3rd period - Shot Misses the Net.
17:40 of 3rd period - Shot by Teuvo Teravainen.
17:40 of 3rd period - Shot Blocked by Jacob Trouba.
17:46 of 3rd period - Shot by Teuvo Teravainen.
17:46 of 3rd period - Shot Misses the Net.
17:48 of 3rd period - Shot by Tom Wilson.
17:48 of 3rd period - Stopped by Ilya Sorokin without a rebound.
17:49 of 3rd period - Dillon Dube wins face-off versus Trent Frederic in NEW YORK Islanders zone.
17:53 of 3rd period - Off-side.
17:54 of 3rd period - Gustav Nyquist wins face-off versus Trent Frederic in neutral zone.
18:04 of 3rd period - Minor Penalty to Dillon Dube for Roughing.
18:05 of 3rd period - Jonathan Toews wins face-off versus Sean Kuraly in NEW YORK Islanders zone.
18:05 of 3rd period - Jonathan Toews is hit by Jacob Trouba.
18:17 of 3rd period - Shot by Matt Roy.
18:17 of 3rd period - Shot Misses the Net.
18:29 of 3rd period - Shot by Matt Roy.
18:29 of 3rd period - Shot Blocked by Ilya Lyubushkin.
19:05 of 3rd period - Shot by Eric Robinson.
19:05 of 3rd period - Stopped by Ilya Sorokin without a rebound.
19:06 of 3rd period - Sean Kuraly wins face-off versus Trent Frederic in NEW YORK Islanders zone.
19:19 of 3rd period - Shot by Tom Wilson.
19:19 of 3rd period - Deflect By Marcus Foligno.
19:19 of 3rd period - Stopped by Ilya Sorokin without a rebound.
19:20 of 3rd period - Trent Frederic wins face-off versus Sean Kuraly in NEW YORK Islanders zone.
Goals for this period are 1 for CHICAGO Blackhawks vs 1 for NEW YORK Islanders.
Shots for this period are 10 for CHICAGO Blackhawks vs 7 for NEW YORK Islanders. Output by the SimonT Hockey Simulator (STHS) for Martin Benoit - Original Page W3C HTML5 Valid
Hockey Simulator - Hockey Simulation - Hockey Manager